Map: Prion Terraces

Players

LilDicky - Winner!

  • Race: Terran Terran
  • League: Diamond

Zist

  • Race: Terran Terran
  • League: Platinum

VOD

http://www.twitch.tv/tumescentpie

Description

Time

  • Played on: Nov. 26, 2015, 11:33 a.m.
  • Length: 16:25
Show
View Real Time Build Order
Export as new Build Order

LilDicky Terran - Winner!

Build Orders: Cyclone Opening 

Get SALT Encoding   

  12  0:01  SCV  
  13  0:13  SCV  
  14  0:19  Supply Depot  
  14  0:25  SCV  
  15  0:29  Refinery  
  15  0:40  SCV  
  16  0:45  Barracks  
  16  0:52  SCV  
  17  1:05  SCV  
  18  1:17  SCV  
  19  1:18  Refinery  
  19  1:30  SCV  
  19  1:31  Barracks Tech Lab  
  19  1:32  Supply Depot  
  20  1:41  Factory  
  20  1:44  Orbital Command  
  20  2:04  Supply Depot  
  20  2:11  SCV  
  21  2:23  SCV  
  22  2:30  Cyclone  
  22  2:35  SCV  
  25  2:47  SCV  
  23  2:59  SCV  
  23  3:02  Cyclone  
  27  3:11  SCV  
  28  3:23  SCV  
  29  3:34  Cyclone  
  29  3:36  SCV  
  33  3:42  Supply Depot  
  33  3:48  SCV  
  34  3:51  Command Center  
  30  4:28  Siege Tank  
  28  4:49  SCV  
  29  4:54  Starport  
  29  4:55  Starport  
  29  5:01  Supply Depot, SCV  
  30  5:07  Orbital Command  
  27  5:21  Siege Tank  
  30  5:23  SCV  
  30  5:28  Refinery x2  
  32  5:35  SCV  
  32  5:40  Command Center  
  32  5:43  Marine  
  32  5:47  SCV  
  32  5:48  SCV  
  35  5:50  Starport Reactor, Starport Tech Lab  
  35  6:00  SCV x2  
  37  6:12  SCV x2  
  39  6:24  Marine  
  39  6:25  SCV  
  41  6:26  SCV  
  41  6:30  Banshee, Siege Tank  
  41  6:31  Cloaking Field  
  41  6:32  Viking x2  
  52  6:37  SCV  
  52  6:38  SCV  
  51  6:49  SCV  
  51  7:16  Banshee  
  51  7:17  Viking x2  
  59  7:22  SCV  
  59  7:23  SCV  
  59  7:27  Barracks  
  60  7:31  SCV, Supply Depot  
  60  7:35  SCV x2  
  63  7:43  SCV  
  64  7:45  Siege Tank  
  64  7:47  SCV x2  
  64  7:48  Refinery x2  
  69  7:51  Viking  
  69  7:53  Command Center  
  69  7:55  SCV  
  72  7:59  SCV x2, Banshee  
  77  8:07  SCV  
  77  8:11  SCV x2  
  80  8:22  Siege Tank  
  80  8:26  Factory, Orbital Command  
  83  8:27  SCV x2  
  85  8:39  SCV  
  86  8:43  Banshee  
  86  8:44  Viking x2  
  93  8:54  SCV  
  93  8:55  SCV x2  
  86  9:30  Banshee  
  88  9:31  Viking x2  
  88  9:32  Factory x2  
  92  9:38  SCV  
  92  9:39  SCV x2  
  92  9:41  Orbital Command  
  95  9:51  SCV x3  
  98  9:55  Command Center  
  97  10:03  SCV x2  
  89  10:20  Banshee  
  89  10:21  Viking x2  
  94  10:28  Factory Reactor  
  94  10:29  Factory Reactor  
  94  10:31  Infernal Pre-Igniter  
  94  10:36  Siege Tank  
  89  10:51  Viking x2  
  86  11:04  SCV  
  86  11:05  SCV  
  86  11:06  Armory  
  86  11:07  Armory  
  85  11:14  Engineering Bay  
  85  11:19  SCV  
  85  11:20  SCV  
  85  11:22  Refinery  
  85  11:24  Refinery  
  87  11:28  Factory  
  87  11:30  Factory x2  
  87  11:32  Command Center x2  
  87  11:37  Command Center  
  87  11:41  Command Center x2  
  87  11:52  Command Center  
  87  11:54  Refinery, Engineering Bay  
  87  11:55  Terran Vehicle And Ship Armor Level 1, Terran Ship Weapons Level 1  
  87  11:56  Refinery  
  87  11:58  Armory  
  87  12:00  Fusion Core  
  87  12:07  Hellion, Siege Tank  
  87  12:08  Hellion  
  94  12:09  Hellion  
  94  12:12  Hellion  
  98  12:25  SCV  
  98  12:29  Hellion x2  
  96  12:37  Viking  
  96  12:38  Banshee, Viking  
  96  12:40  Siege Tank  
  97  12:55  Planetary Fortress  
  97  12:59  SCV x3  
  97  13:00  Missile Turret  
  97  13:03  Planetary Fortress  
  97  13:05  Refinery  
  100  13:06  Planetary Fortress  
  100  13:07  Refinery x2  
  100  13:09  Hellion x4  
  100  13:11  Terran Vehicle Weapons Level 1  
  100  13:12  Siege Tank  
  111  13:20  Banshee, Factory, Starport  
  111  13:21  Factory  
  113  13:28  Factory  
  113  13:41  Behemoth Reactor  
  113  13:43  Hyperflight Rotors  
  113  13:44  Siege Tank  
  113  13:45  SCV x2  
  118  13:49  Planetary Fortress  
  118  14:01  Refinery  
  118  14:03  Banshee  
  118  14:05  Planetary Fortress  
  118  14:07  Hellion x2  
  118  14:08  Factory Tech Lab x2, Hellion, Refinery  
  127  14:10  Starport Tech Lab  
  127  14:12  Viking  
  127  14:13  Viking  
  127  14:15  Hellion x2  
  127  14:16  Hellion  
  137  14:21  Refinery  
  137  14:29  SCV x2, Hellion  
  137  14:30  SCV  
  142  14:32  Banshee  
  139  14:40  Factory Tech Lab, Hellion x3  
  136  14:46  Banshee  
  130  14:56  SCV x6  
  136  15:00  Planetary Fortress  
  136  15:06  Missile Turret  
  130  15:14  Viking x2, Missile Turret  
  130  15:15  Banshee  
  130  15:16  Widow Mine  
  139  15:34  Banshee  
  140  15:37  Weapon Refit  
  140  15:42  SCV x3  
  143  15:49  SCV x2  
  145  15:51  Refinery  
Show
View Real Time Build Order
Export as new Build Order

Zist Terran 

Build Orders:  

Get SALT Encoding   

  12  0:00  SCV  
  14  0:17  Supply Depot  
  14  0:18  SCV  
  14  0:30  SCV  
  14  0:35  Refinery  
  15  0:41  Barracks  
  15  0:45  SCV  
  16  0:57  SCV  
  17  1:09  SCV  
  17  1:10  Barracks  
  18  1:17  Refinery  
  18  1:22  Supply Depot  
  18  1:27  SCV  
  18  1:31  Reaper  
  20  1:39  SCV  
  21  1:54  Orbital Command  
  21  1:57  Reaper  
  22  2:03  Reaper  
  23  2:16  Factory  
  23  2:22  SCV  
  24  2:29  Reaper  
  25  2:34  SCV  
  27  3:11  Factory Tech Lab  
  27  3:12  Barracks Reactor  
  26  3:20  SCV  
  26  3:21  Starport  
  26  3:23  Command Center  
  26  3:32  SCV  
  27  3:38  Siege Tank  
  30  3:44  SCV  
  30  3:50  Marine x2  
  30  3:58  Viking  
  30  3:59  Marine  
  27  4:44  Siege Tank  
  28  4:52  Viking  
  27  5:01  Command Center  
  29  5:26  Barracks Tech Lab  
  29  5:38  Medivac  
  29  5:40  Orbital Command  
  29  5:43  SCV  
  29  5:44  Refinery  
  30  5:53  Marauder  
  30  5:55  Barracks Tech Lab  
  30  5:56  Refinery  
  32  6:01  Stimpack  
  31  6:14  Orbital Command  
  31  6:18  SCV  
  31  6:19  SCV  
  33  6:30  SCV  
  34  6:42  Siege Tank  
  34  6:43  Medivac  
  34  6:44  Medivac  
  41  7:07  SCV  
  41  7:08  SCV x2  
  44  7:13  Orbital Command  
  44  7:16  Marine  
  44  7:17  Siege Tank  
  48  7:23  SCV x2  
  48  7:29  Medivac  
  52  7:35  SCV  
  53  7:39  SCV  
  53  7:41  SCV  
  55  7:47  SCV  
  55  7:48  Marauder  
  55  7:51  SCV  
  59  7:53  SCV  
  57  8:16  Engineering Bay  
  57  8:18  SCV x3  
  56  8:30  SCV x2  
  59  8:34  SCV  
  57  8:42  SCV  
  57  8:44  Missile Turret  
  56  8:50  SCV x2  
  56  8:53  Missile Turret, Marauder x2  
  56  8:54  SCV  
  58  9:11  Viking  
  58  9:14  Marine  
  58  9:16  Starport  
  56  9:17  Marine  
  56  9:22  SCV  
  56  9:23  SCV  
  50  9:31  SCV  
  50  9:33  Missile Turret  
  50  9:34  SCV, Marine  
  50  9:35  SCV  
  48  9:43  SCV  
  49  9:46  SCV  
  49  9:48  SCV, Barracks  
  49  9:50  Barracks  
  51  9:53  Supply Depot  
  51  9:55  SCV  
  47  10:00  Marine  
  47  10:01  Marine  
  34  10:18  Viking x3, Marine x2  
  38  10:24  Widow Mine  
  41  10:28  SCV x2  
  41  10:30  SCV  
  43  10:36  Barracks Reactor x2, Marine x2  
  45  10:47  Orbital Command  
  45  10:54  Marine  
  44  10:57  Marine  
  44  10:59  Starport Reactor  
  44  11:07  SCV x2  
  44  11:10  Viking  
  47  11:11  Marine  
  47  11:13  SCV  
  47  11:15  Marine  
  50  11:19  SCV x2  
  50  11:21  Armory  
  50  11:25  SCV  
  53  11:28  Marine  
  53  11:29  Marine  
  53  11:31  SCV, Marine  
  53  11:32  Marine x2  
  59  11:35  Marine  
  60  11:40  Viking  
  60  11:41  SCV  
  60  11:42  SCV  
  60  11:46  Marine  
  60  11:47  Marine  
  65  11:49  Marine  
  65  11:50  Siege Tank  
  65  11:52  SCV  
  71  11:58  Marine  
  71  11:59  Marine x2  
  74  12:03  Marine  
  74  12:04  Marine  
  74  12:07  Marine  
  77  12:09  Supply Depot  
  77  12:15  Factory  
  77  12:24  SCV  
  77  12:31  SCV, Viking, Marine x4  
  77  12:32  Viking  
  77  12:37  Marine  
  77  12:38  Marine  
  72  12:47  Siege Tank  
  72  12:49  Marine x4  
  75  12:55  SCV x2, Marine  
  78  13:00  SCV  
  79  13:07  SCV, Medivac x2  
  79  13:11  Supply Depot  
  84  13:15  Command Center, SCV  
  84  13:16  Supply Depot  
  85  13:20  Terran Infantry Weapons Level 1, Terran Vehicle Weapons Level 1  
  85  13:22  Combat Shields  
  85  13:30  Supply Depot  
  85  13:33  SCV, Medivac  
  88  13:36  Marauder x2, Marine  
  88  13:37  Factory Tech Lab, Marine x3  
  96  13:44  Siege Tank  
  96  13:48  Viking  
  101  13:51  Medivac x2  
  101  13:52  Supply Depot  
  101  13:53  SCV x2  
  107  14:08  Marauder  
  109  14:13  Siege Tank, Marine  
  109  14:14  Marauder  
  115  14:26  Siege Tank  
  105  14:40  Marine  
  105  14:41  Marauder  
  89  14:58  Marauder, Marine  
  89  14:59  Marine  
  89  15:07  Marine  
  89  15:09  Marauder, Marine  
  88  15:19  Marauder  
  80  15:25  Marine  
  80  15:26  Siege Tank x2  
  80  15:27  Viking  
  89  15:28  Orbital Command  
  89  15:30  Marauder  
  82  15:40  Marine  
  82  15:41  Marauder  
  85  15:51  Marauder  
  86  15:57  Command Center, Barracks  
  86  15:59  Barracks  
  86  16:02  Marauder  
  86  16:03  Factory, Marine x2  
  76  16:06  Starport  
Tags
 
Add a new tag
Caveats
  • Supply blocks, unpowered buildings, or Contaminate may cause inaccurate times.
  • Supply counts are checked every 10 seconds.